General information
- name: BNet
- type: Ladder team game (AT/RT)
- host: Battle.net
- saver: sc2no.wc4yes
map: FullScaleAssault
- players: 8
- length: 28:19
- speed: Fast
- version: 1.26 W3XP
- replay type: Public
» download(243 KB)
Players
team 1 (winner)

»
sc2no.wc4yes (
blue | 75 APM | 2125 actions | 28:19)
8 Dark Ranger
3 Silence
3 Life Drain
1 Charm
1 Black Arrow
4 Demon Hunter
1 Mana Burn
2 Evasion
1 Metamorphosis
» actions
| Assign group hotkey | 53 | |
| Basic commands | 62 | |
| Build / train | 160 | |
| ESC pressed | 2 | |
| Enter build submenu | 45 | |
| Enter hero's abilities submenu | 13 | |
| Give item / drop item | 4 | |
| Right click | 707 | |
| Select / deselect | 337 | |
| Select group hotkey | 491 | |
| Use ability | 251 | |
2125 total
» units
| Peasant | 30 | |
| Goblin Shredder | 3 | |
| Hippogryph | 2 | |
| Chimaera | 6 | |
41 total
» upgrades
| Masonry | 2 | |
| Magic Sentry | 1 | |
| Strength of the Wild | 2 | |
| Reinforced Hides | 2 | |
7 total
» buildings
| Altar of Kings | 1 | |
| Farm | 6 | |
| Lumber Mill | 1 | |
| Scout Tower | 165 | |
| Town Hall | 2 | |
| Arcane Tower | 5 | |
| Guard Tower | 70 | |
| Keep | 1 | |
| Arcane Sanctum | 1 | |
| Castle | 1 | |
| Blacksmith | 2 | |
| Chimaera Roost | 4 | |
| Ancient of Wind | 3 | |
| Moon Well | 1 | |
263 total
» build order
00:14 Altar of Kings
00:16 Farm
01:25 Farm
01:27 Farm
01:52 Lumber Mill
02:12 Farm
03:17 Scout Tower
03:21 Farm
03:22 Farm
04:22 Town Hall
04:28 Scout Tower
04:29 Scout Tower
04:30 Scout Tower
04:31 Scout Tower
04:33 Scout Tower
04:33 Scout Tower
04:40 Scout Tower
04:42 Scout Tower
04:53 Scout Tower
05:00 Arcane Tower
05:01 Guard Tower
05:27 Arcane Tower
05:34 Arcane Tower
06:02 Guard Tower
06:11 Guard Tower
06:21 Guard Tower
06:21 Guard Tower
06:51 Scout Tower
07:07 Scout Tower
07:08 Scout Tower
07:08 Scout Tower
07:10 Scout Tower
07:10 Scout Tower
07:11 Guard Tower
07:14 Scout Tower
07:15 Scout Tower
07:15 Scout Tower
07:16 Scout Tower
07:17 Scout Tower
07:18 Scout Tower
07:19 Scout Tower
07:20 Scout Tower
07:20 Scout Tower
07:21 Scout Tower
07:22 Scout Tower
07:23 Scout Tower
07:24 Scout Tower
07:28 Scout Tower
07:29 Scout Tower
07:29 Scout Tower
07:30 Scout Tower
07:47 Guard Tower
07:53 Guard Tower
07:57 Scout Tower
07:57 Scout Tower
08:04 Keep
08:15 Guard Tower
08:15 Guard Tower
08:17 Arcane Tower
08:23 Guard Tower
08:23 Guard Tower
08:25 Guard Tower
08:30 Guard Tower
08:48 Guard Tower
09:09 Guard Tower
09:09 Guard Tower
09:21 Guard Tower
09:39 Scout Tower
09:39 Scout Tower
09:39 Scout Tower
09:39 Scout Tower
09:40 Scout Tower
09:40 Scout Tower
09:41 Scout Tower
09:41 Scout Tower
09:41 Scout Tower
09:42 Scout Tower
09:42 Scout Tower
09:42 Scout Tower
10:09 Town Hall
10:13 Scout Tower
10:14 Scout Tower
10:14 Scout Tower
10:15 Scout Tower
10:16 Scout Tower
10:16 Scout Tower
10:17 Scout Tower
10:18 Scout Tower
10:18 Scout Tower
10:18 Scout Tower
10:19 Scout Tower
10:20 Scout Tower
10:20 Scout Tower
10:21 Scout Tower
10:21 Scout Tower
10:26 Guard Tower
10:33 Arcane Sanctum
10:44 Guard Tower
10:46 Guard Tower
10:46 Guard Tower
10:47 Guard Tower
10:56 Guard Tower
10:57 Guard Tower
11:12 Guard Tower
11:15 Guard Tower
11:26 Castle
11:27 Guard Tower
11:27 Guard Tower
11:29 Guard Tower
11:29 Guard Tower
11:33 Guard Tower
11:36 Guard Tower
11:36 Guard Tower
11:40 Guard Tower
11:49 Scout Tower
11:50 Scout Tower
11:55 Scout Tower
11:56 Scout Tower
11:56 Scout Tower
11:56 Scout Tower
11:57 Scout Tower
11:57 Scout Tower
11:57 Scout Tower
12:01 Guard Tower
12:01 Guard Tower
12:01 Guard Tower
12:20 Guard Tower
12:33 Guard Tower
12:41 Guard Tower
13:00 Guard Tower
13:14 Guard Tower
13:16 Scout Tower
13:16 Scout Tower
13:16 Scout Tower
13:17 Scout Tower
13:17 Scout Tower
13:17 Scout Tower
13:18 Scout Tower
13:18 Scout Tower
13:18 Scout Tower
13:19 Scout Tower
13:19 Scout Tower
13:19 Scout Tower
13:20 Scout Tower
13:54 Guard Tower
13:56 Guard Tower
14:43 Guard Tower
15:18 Guard Tower
15:19 Guard Tower
15:24 Scout Tower
15:24 Scout Tower
15:25 Scout Tower
15:25 Scout Tower
15:26 Scout Tower
15:26 Scout Tower
15:26 Scout Tower
15:26 Scout Tower
15:27 Scout Tower
15:27 Scout Tower
15:28 Scout Tower
15:28 Scout Tower
15:29 Scout Tower
15:29 Scout Tower
15:29 Scout Tower
15:29 Scout Tower
15:30 Scout Tower
15:30 Scout Tower
15:31 Scout Tower
15:31 Scout Tower
15:31 Scout Tower
15:32 Scout Tower
15:32 Scout Tower
15:33 Scout Tower
15:33 Scout Tower
15:33 Scout Tower
15:34 Scout Tower
16:07 Scout Tower
16:08 Scout Tower
16:08 Scout Tower
16:08 Scout Tower
16:09 Scout Tower
16:09 Scout Tower
16:09 Scout Tower
16:10 Scout Tower
16:10 Scout Tower
16:10 Scout Tower
16:11 Scout Tower
16:26 Guard Tower
17:04 Blacksmith
17:04 Blacksmith
18:05 Chimaera Roost
18:05 Chimaera Roost
18:06 Ancient of Wind
18:07 Ancient of Wind
18:07 Ancient of Wind
18:10 Chimaera Roost
18:10 Chimaera Roost
18:24 Guard Tower
18:26 Guard Tower
18:31 Guard Tower
18:36 Guard Tower
18:43 Guard Tower
18:47 Scout Tower
18:47 Scout Tower
18:47 Scout Tower
18:48 Scout Tower
18:49 Scout Tower
18:49 Scout Tower
18:51 Scout Tower
18:51 Scout Tower
18:51 Scout Tower
18:52 Scout Tower
18:52 Scout Tower
18:53 Scout Tower
18:53 Scout Tower
18:53 Scout Tower
18:54 Scout Tower
18:54 Scout Tower
20:41 Guard Tower
20:41 Guard Tower
21:18 Guard Tower
21:43 Guard Tower
21:43 Guard Tower
22:32 Moon Well
22:50 Guard Tower
22:52 Scout Tower
22:52 Scout Tower
22:52 Scout Tower
22:52 Scout Tower
22:53 Scout Tower
22:53 Scout Tower
22:54 Scout Tower
24:02 Guard Tower
24:02 Guard Tower
24:04 Scout Tower
24:05 Scout Tower
24:05 Scout Tower
24:06 Scout Tower
24:08 Scout Tower
24:08 Scout Tower
24:09 Scout Tower
24:09 Scout Tower
24:14 Guard Tower
26:15 Guard Tower
26:17 Guard Tower
» items
| Boots of Speed | 2 | |
| Staff of Teleportation | 2 | |
| Tome of Retraining | 1 | |
| Scroll of Town Portal | 2 | |
7 total
iwantbiggame (
orange | 228 APM | 6448 actions | 28:16)
6 Beastmaster
3 Summon Quilbeast
2 Summon Hawk
1 Stampede
5 Pandaren Brewmaster
3 Breath of Fire
2 Drunken Haze
» actions
| Assign group hotkey | 71 | |
| Basic commands | 581 | |
| Build / train | 112 | |
| ESC pressed | 2 | |
| Enter build submenu | 38 | |
| Enter hero's abilities submenu | 11 | |
| Give item / drop item | 2 | |
| Right click | 1618 | |
| Select / deselect | 1066 | |
| Select group hotkey | 2785 | |
| Use ability | 162 | |
6448 total
» units
| Peasant | 16 | |
| Footman | 7 | |
| Spell Breaker | 10 | |
| Wisp | 5 | |
| Chimaera | 2 | |
| Knight | 4 | |
| Gryphon Rider | 6 | |
50 total
» upgrades
| Defend | 1 | |
| Lumber Harvesting | 1 | |
| Swords | 3 | |
| Plating | 3 | |
| Animal War Training | 1 | |
| Storm Hammers | 1 | |
| Armor | 3 | |
| Masonry | 1 | |
14 total
» buildings
| Farm | 13 | |
| Altar of Kings | 1 | |
| Barracks | 3 | |
| Scout Tower | 7 | |
| Arcane Tower | 2 | |
| Arcane Vault | 2 | |
| Town Hall | 2 | |
| Keep | 1 | |
| Lumber Mill | 1 | |
| Blacksmith | 1 | |
| Arcane Sanctum | 2 | |
| Guard Tower | 2 | |
| Castle | 1 | |
| Moon Well | 1 | |
| Gryphon Aviary | 2 | |
41 total
» build order
00:07 Farm
00:11 Altar of Kings
00:19 Barracks
01:04 Farm
01:41 Farm
01:53 Scout Tower
02:37 Arcane Tower
03:31 Farm
04:26 Arcane Vault
04:49 Scout Tower
04:51 Scout Tower
05:08 Town Hall
05:10 Arcane Tower
05:50 Keep
06:07 Farm
06:26 Lumber Mill
07:32 Scout Tower
07:33 Scout Tower
07:35 Scout Tower
07:57 Blacksmith
09:13 Arcane Sanctum
09:14 Arcane Sanctum
09:19 Guard Tower
09:41 Farm
09:42 Castle
09:45 Barracks
09:46 Barracks
10:48 Farm
11:56 Farm
13:40 Farm
13:48 Farm
15:00 Moon Well
17:50 Gryphon Aviary
17:51 Gryphon Aviary
17:53 Farm
17:55 Farm
17:57 Arcane Vault
22:45 Farm
23:06 Scout Tower
24:55 Town Hall
» items
| Lesser Clarity Potion | 5 | |
| Scroll of Regeneration | 3 | |
| Potion of Mana | 2 | |
| Staff of Sanctuary | 2 | |
| Potion of Healing | 2 | |
| Scroll of Healing | 1 | |
15 total
DeusMeAjude (
pink | 41 APM | 541 actions | 13:05)
3 Demon Hunter
1 Immolation
2 Evasion
» actions
| Basic commands | 10 | |
| Build / train | 57 | |
| ESC pressed | 2 | |
| Enter build submenu | 13 | |
| Enter hero's abilities submenu | 3 | |
| Remove unit from queue | 2 | |
| Right click | 254 | |
| Select / deselect | 171 | |
| Use ability | 29 | |
541 total
» units
| Wisp | 15 | |
| Archer | 6 | |
| Hippogryph | 6 | |
| Chimaera | 2 | |
29 total
» upgrades
| Strength of the Moon | 2 | |
| Hippogryph Taming | 1 | |
| Moon Armor | 2 | |
| Improved Bows | 1 | |
| Corrosive Breath | 1 | |
| Strength of the Wild | 1 | |
8 total
» buildings
| Altar of Elders | 1 | |
| Moon Well | 4 | |
| Ancient of War | 1 | |
| Tree of Ages | 1 | |
| Hunter's Hall | 1 | |
| Ancient of Wind | 2 | |
| Tree of Eternity | 9 | |
| Tree of Life | 1 | |
| Chimaera Roost | 2 | |
22 total
» build order
00:10 Altar of Elders
00:17 Moon Well
00:50 Ancient of War
01:23 Moon Well
02:27 Tree of Ages
02:55 Hunter's Hall
04:55 Ancient of Wind
05:12 Ancient of Wind
06:18 Moon Well
06:58 Moon Well
07:43 Tree of Eternity
07:47 Tree of Eternity
07:47 Tree of Eternity
07:47 Tree of Eternity
07:48 Tree of Eternity
08:47 Tree of Life
10:34 Chimaera Roost
11:05 Chimaera Roost
Fst_talon (
green | 44 APM | 1246 actions | 28:16)
3 Mountain King
2 Storm Bolt
1 Bash
3 Archmage
1 Summon Water Elemental
2 Brilliance Aura
3 Demon Hunter
1 Immolation
2 Evasion
» actions
| Assign group hotkey | 32 | |
| Basic commands | 2 | |
| Build / train | 82 | |
| Enter build submenu | 19 | |
| Enter hero's abilities submenu | 9 | |
| Give item / drop item | 2 | |
| Right click | 445 | |
| Select / deselect | 264 | |
| Select group hotkey | 331 | |
| Use ability | 60 | |
1246 total
» units
| Peasant | 9 | |
| Footman | 4 | |
| Rifleman | 10 | |
| Mortar Team | 14 | |
| Spell Breaker | 1 | |
| Huntress | 1 | |
| Sorceress | 3 | |
| Priest | 1 | |
| Knight | 2 | |
| Goblin Shredder | 1 | |
| Goblin Zeppelin | 1 | |
47 total
» upgrades
| Gunpowder | 3 | |
| Armor | 3 | |
| Flare | 1 | |
| Animal War Training | 1 | |
| Fragmentation Shards | 1 | |
9 total
» buildings
| Altar of Kings | 1 | |
| Farm | 9 | |
| Barracks | 1 | |
| Scout Tower | 2 | |
| Arcane Tower | 1 | |
| Blacksmith | 1 | |
| Arcane Vault | 1 | |
| Lumber Mill | 1 | |
| Keep | 1 | |
| Workshop | 1 | |
| Castle | 1 | |
| Arcane Sanctum | 1 | |
| Guard Tower | 1 | |
22 total
» build order
00:27 Altar of Kings
00:38 Farm
00:55 Barracks
01:15 Farm
01:50 Scout Tower
01:57 Farm
02:19 Arcane Tower
02:27 Blacksmith
02:56 Farm
04:01 Arcane Vault
04:15 Lumber Mill
05:20 Keep
05:24 Farm
07:52 Workshop
07:56 Castle
08:02 Farm
08:07 Farm
08:09 Farm
09:42 Farm
10:50 Arcane Sanctum
19:51 Scout Tower
22:39 Guard Tower
» items
| Boots of Speed | 2 | |
| Lesser Clarity Potion | 4 | |
| Potion of Healing | 3 | |
| Orb of Fire | 1 | |
| Scroll of Protection | 1 | |
11 total
team 2 (loser)

»
dowNtowN (
purple | 89 APM | 1836 actions | 20:36)
4 Demon Hunter
2 Mana Burn
2 Evasion
3 Keeper of the Grove
2 Entangling Roots
1 Thorns Aura
2 Priestess of the Moon
1 Trueshot Aura
1 Searing Arrows
» actions
| Assign group hotkey | 52 | |
| Basic commands | 243 | |
| Build / train | 78 | |
| ESC pressed | 4 | |
| Enter build submenu | 25 | |
| Enter hero's abilities submenu | 9 | |
| Give item / drop item | 5 | |
| Right click | 661 | |
| Select / deselect | 358 | |
| Select group hotkey | 310 | |
| Use ability | 91 | |
1836 total
» units
| Wisp | 22 | |
| Archer | 6 | |
| Dryad | 2 | |
| Druid of the Claw | 4 | |
| Chimaera | 3 | |
| Hippogryph | 1 | |
38 total
» upgrades
| Druid of the Claw Training | 2 | |
| Abolish Magic | 1 | |
| Mark of the Claw | 1 | |
| Strength of the Wild | 1 | |
| Reinforced Hides | 1 | |
| Corrosive Breath | 1 | |
7 total
» buildings
| Altar of Elders | 1 | |
| Moon Well | 7 | |
| Ancient of War | 1 | |
| Hunter's Hall | 1 | |
| Tree of Ages | 3 | |
| Tree of Life | 3 | |
| Ancient of Wonders | 1 | |
| Ancient of Lore | 3 | |
| Tree of Eternity | 1 | |
| Ancient of Wind | 2 | |
| Chimaera Roost | 3 | |
26 total
» build order
00:15 Altar of Elders
00:24 Moon Well
00:54 Ancient of War
01:39 Moon Well
01:55 Moon Well
02:42 Hunter's Hall
04:01 Tree of Ages
04:01 Tree of Ages
04:33 Tree of Life
05:07 Ancient of Wonders
05:44 Moon Well
05:46 Moon Well
07:17 Ancient of Lore
07:18 Ancient of Lore
07:26 Ancient of Lore
08:56 Tree of Eternity
11:59 Tree of Life
14:24 Ancient of Wind
14:25 Ancient of Wind
15:40 Chimaera Roost
15:40 Chimaera Roost
15:40 Chimaera Roost
16:15 Moon Well
16:17 Moon Well
18:38 Tree of Life
» items
| Periapt of Vitality | 1 | |
| Scroll of Town Portal | 1 | |
| Orb of Venom | 1 | |
3 total
OccupyGoldmine (
red | 53 APM | 1338 actions | 25:22)
2 Archmage
1 Summon Water Elemental
1 Brilliance Aura
5 Mountain King
3 Storm Bolt
2 Bash
4 Paladin
2 Holy Light
2 Devotion Aura
» actions
| Assign group hotkey | 57 | |
| Basic commands | 4 | |
| Build / train | 101 | |
| Enter build submenu | 35 | |
| Enter hero's abilities submenu | 11 | |
| Right click | 469 | |
| Select / deselect | 334 | |
| Select group hotkey | 234 | |
| Use ability | 93 | |
1338 total
» units
| Peasant | 18 | |
| Footman | 4 | |
| Rifleman | 12 | |
| Priest | 10 | |
| Sorceress | 2 | |
| Spell Breaker | 4 | |
| Mortar Team | 1 | |
51 total
» upgrades
| Gunpowder | 3 | |
| Masonry | 3 | |
| Lumber Harvesting | 2 | |
| Armor | 3 | |
| Priest Training | 2 | |
| Long Rifles | 1 | |
| Control Magic | 2 | |
| Fragmentation Shards | 1 | |
| Flare | 1 | |
18 total
» buildings
| Farm | 13 | |
| Lumber Mill | 1 | |
| Altar of Kings | 1 | |
| Barracks | 2 | |
| Arcane Vault | 1 | |
| Keep | 1 | |
| Blacksmith | 1 | |
| Town Hall | 1 | |
| Scout Tower | 8 | |
| Guard Tower | 10 | |
| Arcane Sanctum | 2 | |
| Castle | 1 | |
| Workshop | 2 | |
44 total
» build order
00:24 Farm
00:36 Lumber Mill
00:41 Altar of Kings
00:46 Barracks
01:02 Farm
01:53 Farm
02:13 Arcane Vault
02:34 Farm
03:29 Keep
03:42 Blacksmith
04:57 Town Hall
05:09 Scout Tower
05:23 Scout Tower
05:42 Guard Tower
05:42 Guard Tower
05:51 Guard Tower
06:12 Arcane Sanctum
06:47 Farm
07:27 Farm
07:32 Scout Tower
07:39 Farm
09:18 Castle
09:25 Arcane Sanctum
09:45 Barracks
10:55 Farm
11:01 Farm
11:04 Guard Tower
11:07 Scout Tower
12:02 Farm
12:07 Scout Tower
12:14 Scout Tower
12:15 Guard Tower
13:16 Farm
13:18 Guard Tower
13:22 Guard Tower
13:24 Scout Tower
14:21 Farm
14:32 Guard Tower
15:29 Workshop
15:36 Workshop
18:06 Farm
19:02 Scout Tower
22:35 Guard Tower
» items
| Scroll of Regeneration | 2 | |
| Scroll of Town Portal | 1 | |
| Lesser Clarity Potion | 1 | |
4 total
LegendOfTheFall (
teal | 40 APM | 993 actions | 24:57)
5 Tauren Chieftain
2 Endurance Aura
3 Shockwave
2 Shadow Hunter
1 Healing Wave
1 Hex
» actions
| Assign group hotkey | 19 | |
| Basic commands | 1 | |
| Build / train | 89 | |
| Enter build submenu | 19 | |
| Enter hero's abilities submenu | 7 | |
| Give item / drop item | 6 | |
| Remove unit from queue | 1 | |
| Right click | 313 | |
| Select / deselect | 289 | |
| Select group hotkey | 171 | |
| Use ability | 78 | |
993 total
» units
| Peon | 23 | |
| Grunt | 9 | |
| Goblin Shredder | 1 | |
| Goblin Zeppelin | 2 | |
| Shaman | 4 | |
| Troll Witch Doctor | 3 | |
| Tauren | 4 | |
| Hippogryph | 5 | |
51 total
» upgrades
| Pillage | 1 | |
| Melee Weapons | 3 | |
| Armor | 3 | |
| Berserker Strength | 1 | |
| Shaman Training | 2 | |
| Witch Doctor Training | 2 | |
| Pulverize | 1 | |
| Reinforced Defenses | 1 | |
| Spiked Barricades | 1 | |
15 total
» buildings
| Altar of Storms | 1 | |
| Orc Burrow | 8 | |
| Barracks | 1 | |
| Voodoo Lounge | 1 | |
| War Mill | 1 | |
| Stronghold | 2 | |
| Great Hall | 3 | |
| Fortress | 1 | |
| Spirit Lodge | 2 | |
| Tauren Totem | 2 | |
| Watch Tower | 6 | |
28 total
» build order
00:26 Altar of Storms
00:33 Orc Burrow
01:03 Barracks
01:46 Orc Burrow
03:28 Voodoo Lounge
03:49 Orc Burrow
04:03 War Mill
04:50 Stronghold
04:50 Stronghold
06:33 Great Hall
08:22 Fortress
08:42 Orc Burrow
09:16 Great Hall
10:39 Spirit Lodge
10:40 Spirit Lodge
13:17 Tauren Totem
13:19 Tauren Totem
14:52 Orc Burrow
14:54 Orc Burrow
15:53 Watch Tower
15:54 Watch Tower
15:55 Watch Tower
15:58 Watch Tower
15:58 Watch Tower
15:58 Watch Tower
19:13 Orc Burrow
19:13 Orc Burrow
22:50 Great Hall
» items
| Healing Salve | 3 | |
| Lesser Clarity Potion | 1 | |
| Scroll of Speed | 1 | |
| Tiny Great Hall | 1 | |
| Orb of Lightning | 1 | |
| Scroll of Town Portal | 3 | |
10 total
Silveykins (
yellow | 54 APM | 1521 actions | 28:15)
6 Blademaster
2 Wind Walk
3 Critical Strike
1 Bladestorm
» actions
| Build / train | 120 | |
| Enter build submenu | 17 | |
| Enter hero's abilities submenu | 6 | |
| Give item / drop item | 1 | |
| Right click | 886 | |
| Select / deselect | 427 | |
| Use ability | 64 | |
1521 total
» units
| Peon | 38 | |
| Troll Headhunter/Berserker | 22 | |
| Shaman | 13 | |
| Blue Drake | 2 | |
| Demolisher | 4 | |
| Blue Dragon | 2 | |
| Goblin Zeppelin | 3 | |
| Blue Dragon Whelp | 1 | |
| Knight | 4 | |
89 total
» upgrades
| Ranged Weapons | 3 | |
| Troll Regeneration | 1 | |
| Berserker Upgrade | 1 | |
| Shaman Training | 2 | |
| Reinforced Defenses | 1 | |
| Armor | 1 | |
| Burning Oil | 1 | |
10 total
» buildings
| Altar of Storms | 1 | |
| Orc Burrow | 7 | |
| Voodoo Lounge | 1 | |
| War Mill | 1 | |
| Barracks | 2 | |
| Stronghold | 1 | |
| Fortress | 3 | |
| Spirit Lodge | 1 | |
| Great Hall | 1 | |
| Beastiary | 2 | |
20 total
» build order
00:10 Altar of Storms
00:15 Orc Burrow
01:33 Voodoo Lounge
01:36 War Mill
01:48 Orc Burrow
02:39 Barracks
03:15 Barracks
03:19 Orc Burrow
04:12 Stronghold
05:14 Orc Burrow
06:35 Fortress
06:35 Fortress
07:19 Spirit Lodge
08:17 Great Hall
09:42 Orc Burrow
11:58 Orc Burrow
13:35 Orc Burrow
22:38 Beastiary
22:41 Beastiary
» items
| Lesser Clarity Potion | 2 | |
| Healing Salve | 1 | |
| Orb of Lightning | 3 | |
6 total
Chat log
(00:08 / All) sc2no.wc4yes: u playing on ur old amiga?
(00:14 / Allies) Fst_talon: rifles morts
(00:28 / Allies) DeusMeAjude: air
(00:40 / Allies) iwantbiggame: breaker melee
(02:07 / All) LegendOfTheFall: LOL
(02:23 / All) DeusMeAjude: what bro ?
(02:30 / Allies) sc2no.wc4yes: he finds peon scout hilarious
(02:35 / Allies) sc2no.wc4yes: this dude has never even seen someone else play 1v1
(02:44 / All) LegendOfTheFall: GUYS OJ WANTS BIG GAME
(02:45 / Allies) sc2no.wc4yes: w8
(02:50 / All) LegendOfTheFall: LETS GIVE HIM BIG GAME
(03:01 / All) dowNtowN: Oh he wants it?
(03:05 / All) dowNtowN: we'll give it to him
(03:18 / All) DeusMeAjude: :)
(04:18 / All) Silveykins: AHHHH
(05:06 / Allies) Fst_talon: omw
(05:25 / All) dowNtowN: DR first
(05:27 / All) dowNtowN: BOSSY
(06:43 / Allies) sc2no.wc4yes: they are pissing all over our side of the map
(07:40 / Allies) iwantbiggame: chek
(07:43 / Allies) sc2no.wc4yes: 4 expos vs 1
(07:45 / Allies) sc2no.wc4yes: game already over
(09:00 / Allies) iwantbiggame: wiow
(09:01 / Allies) iwantbiggame: move plz
(09:17 / Allies) sc2no.wc4yes: holy shit
(09:19 / Allies) sc2no.wc4yes: fix your internet faggot
(10:17 / Allies) iwantbiggame: fimish expo
(10:27 / All) dowNtowN: COME ON
(11:16 / Allies) iwantbiggame: wow
(11:18 / Allies) iwantbiggame: stop follwig plz
(11:58 / Allies) DeusMeAjude: omg
(12:03 / Allies) iwantbiggame: micro units plz
(12:09 / Allies) sc2no.wc4yes: yeah micro your tier 1
(12:14 / Allies) sc2no.wc4yes: or their tier 3 is gonan rape us
(12:15 / All) sc2no.wc4yes: D
(12:16 / All) dowNtowN: kids annoying
(12:46 / Allies) DeusMeAjude: good lock guys
(13:05 / All) sc2no.wc4yes: last guyw ith dialup in 2012
(14:00 / Allies) sc2no.wc4yes: get tier 3 air for hit and run
(14:02 / Allies) sc2no.wc4yes: not moron breakers and foots
(14:30 / All) sc2no.wc4yes: wow
(14:34 / All) sc2no.wc4yes: fuckign ally builds a huntress with the leaver
(14:36 / All) sc2no.wc4yes: a fuycking huntress
(14:39 / All) sc2no.wc4yes: 20 minutes into game
(14:41 / All) dowNtowN: Good move
(15:14 / All) dowNtowN: God what a nerd
(16:10 / Allies) Fst_talon: some gold blue
(16:14 / Allies) sc2no.wc4yes: kill yourself
(16:15 / Allies) iwantbiggame: gren
(18:58 / Allies) sc2no.wc4yes: wood pls
(19:06 / Allies) sc2no.wc4yes: thx
(19:08 / Allies) sc2no.wc4yes: get air
(19:10 / Allies) sc2no.wc4yes: so u can move freely
(20:17 / Allies) sc2no.wc4yes: stay fairly back
(20:50 / Allies) sc2no.wc4yes: noone has shit?
(22:04 / Allies) iwantbiggame: gogo
(22:46 / Allies) sc2no.wc4yes: expo upstairs
(23:22 / Allies) sc2no.wc4yes: dont go running suicidal into them
(23:25 / Allies) sc2no.wc4yes: just because we won one fight
(23:29 / Allies) sc2no.wc4yes: you still have nothing but some shitty tier 1
(25:00 / All) sc2no.wc4yes: lol
(26:03 / All) sc2no.wc4yes: so easy when i have 2 bases
(28:05 / All) sc2no.wc4yes: good bladestorm